 Dungeon Crawl Stone Soup version 0.19.5 (webtiles) character file.

2 equalderp2856 the Ducker (level 1, -1/10 HPs)
             Began as a Felid Fighter on Mar 6, 2017.
             Slain by a kobold
             ... wielding a +0 short sword
              (4 damage)
             ... on level 1 of the Dungeon.
             The game lasted 00:00:52 (305 turns).

equalderp2856 the Ducker (Felid Fighter)             Turns: 305, Time: 00:00:53

Health: -1/10      AC:  1    Str: 12    XL:     1   Next: 25%
Magic:  2/2        EV: 19    Int:  9    God:
Gold:   37         SH:  0    Dex: 15    Spells: 0 memorised, 0 levels left
                                        Lives:  0   Deaths: 0

rFire  . . .     SeeInvis +       - Unarmed
rCold  . . .     Gourm    .     (armour unavailable)
rNeg   . . .     Faith    .     (shield unavailable)
rPois  .         Spirit   .     (helmet unavailable)
rElec  .         Reflect  .     (cloak unavailable)
rCorr  .         Harm     .     (gloves unavailable)
MR     .....                    (boots unavailable)
Stlth  ++........               (no amulet)
                                (no ring)
                                (no ring)

@: quick
A: no armour, no weapons or thrown items, stealth, claws 1, fangs 3, see
invisible, carnivore 3, speed 1, shaggy fur 1, slow metabolism 1, sharp paws
a: no special abilities


You were on level 1 of the Dungeon.
You were not hungry.

You visited 1 branch of the dungeon, and saw 1 of its levels.

You collected 37 gold pieces.

Inventory:

Jewellery
 e - an uncursed ring of poison resistance {unknown}
Scrolls
 c - a scroll of remove curse {unknown}
 d - a scroll of teleportation {unknown}
Potions
 a - a potion of might
 f - a potion of magic {unknown}
Comestibles
 b - a meat ration


   Skills:
 + Level 3.0 Fighting
 + Level 4.0 Dodging
 + Level 4.0 Unarmed Combat


You couldn't memorise any spells.
You didn't know any spells.

Dungeon Overview and Level Annotations

Branches:
Dungeon (1/15)

Altars:


Innate Abilities, Weirdness & Mutations

You cannot wear armour.
You are incapable of wielding weapons or throwing items.
Your paws allow you to move quietly. (Stealth)
You have sharp claws.
You have razor-sharp teeth.
You have supernaturally acute eyesight. (SInv)
You are carnivorous and can eat meat at any time.
You cover ground quickly.
You are covered in fur. (AC +1)
You have a slow metabolism.
Your sharp claws are effective at attacking unaware monsters.


Message History

You now have 37 gold pieces (gained 10).
f - a fizzy golden potion You start resting.
HP restored.
You see here 3 javelins.
You see here 3 javelins.
A kobold comes into view. It is wielding a short sword.
The kobold shouts!
The kobold hits you but does no damage.
You scratch the kobold but do no damage.
The kobold hits you with a short sword.
You scratch the kobold but do no damage.
The kobold closely misses you.
You scratch the kobold but do no damage.
The kobold hits you with a short sword.
You completely miss the kobold. The kobold hits you with a short sword.
* * * LOW HITPOINT WARNING * * *
You closely miss the kobold. Your bite misses the kobold.
The kobold hits you with a short sword.
You die...

#...# ##..####### ###
#......... ..#
#...###### #.# #...#
#.# ##..# #.# #..# #.#
#.>#########K#
#..........#@#######
#........#.#.......#
#........#.#######.#
#........#.# #.#
#........#.# #.#
#.†......#.# #.#
#........#.#### #.#
####.............# #.#
#................####.#


You could see a kobold.

Vanquished Creatures
  A hobgoblin (D:1)
  A rat (D:1)
2 creatures vanquished.

Notes
Turn   | Place    | Note
-------+----------+-------------------------------------------
     0 | D:1      | equalderp2856 the Felid Fighter began the quest for the Orb.
     0 | D:1      | Reached XP level 1. HP: 10/10 MP: 2/2
     0 | D:1      | Noticed a tentacled monstrosity
     1 | D:1      | Noticed a shadow dragon
     3 | D:1      | Noticed a tentacled monstrosity
     5 | D:1      | Noticed an ice dragon
     6 | D:1      | Noticed an ice dragon
     7 | D:1      | Noticed an iron dragon
     8 | D:1      | Noticed an iron dragon
    10 | D:1      | Noticed an orb of fire
    12 | D:1      | Noticed an iron dragon
    12 | D:1      | Noticed a shadow dragon
    35 | D:1      | Noticed an orb of fire
    37 | D:1      | Noticed a large abomination
    37 | D:1      | Noticed a tentacled monstrosity
    39 | D:1      | Noticed an orb of fire
    39 | D:1      | Noticed a tentacled monstrosity
    41 | D:1      | Noticed an iron dragon
    45 | D:1      | Noticed an iron dragon
   305 | D:1      | Slain by a kobold

Action                   || total
-------------------------++-------
Melee: Unarmed           ||     8
  Eat: Chunk             ||     1
Dodge: Dodged            ||     2
